 Dungeon Crawl Stone Soup version 0.25-a0-110-ge29c8f2 (webtiles) character file.

Game seed: 15130846869148012935, levelgen mode: deterministic

233 HungryMoth the Chucker (level 6, -1/66 HPs)
             Began as a Merfolk Gladiator on Nov 20, 2019.
             Slain by a centaur (6 damage)
             ... on level 4 of the Dungeon.
             The game lasted 00:12:21 (3140 turns).

HungryMoth the Chucker (Merfolk Gladiator)          Turns: 3140, Time: 00:12:21

Health: -1/66      AC:  8    Str: 17 (20) XL:     6   Next: 5%
Magic:  6/6        EV: 14    Int:  4 (7)  God:
Gold:   105        SH:  0    Dex: 15 (17) Spells: 5/5 levels left

rFire    . . .     SeeInvis .   a - +0 trident
rCold    . . .     Gourm    .   (no shield)
rNeg     . . .     Faith    .   b - +0 leather armour
rPois    .         Spirit   .   m - +2 helmet
rElec    .         Reflect  .   (no cloak)
rCorr    .         Harm     .   (no gloves)
MR       .....                  t - +1 pair of boots
Stlth    ..........             l - amulet of rage (curse)
HPRegen  0.21/turn              (no ring)
MPRegen  0.10/turn              (no ring)

@: berserking, lethally poisoned (-1 -> -2), very quick
A: change form in water, swift swim, stealthy swim
a: Evoke Berserk Rage


You were on level 4 of the Dungeon.
You were not hungry.

You visited 1 branch of the dungeon, and saw 4 of its levels.

You collected 105 gold pieces.

Inventory:

Hand Weapons
 a - a +0 trident (weapon)
Missiles
 d - 3 throwing nets
 e - 77 stones
 i - 40 poisoned darts
 q - 7 boomerangs (quivered)
Armour
 b - a +0 leather armour (worn)
 m - a +2 helmet (worn)
 t - a +1 pair of boots (worn)
Jewellery
 g - an uncursed ring of stealth {unknown}
 l - a cursed amulet of rage (around neck)
Wands
 s - a wand of iceblast (8)
Potions
 k - a potion of degeneration
 n - a potion of experience {unknown}
 o - a potion of berserk rage
 r - a potion of cancellation {unknown}
 u - 5 potions of flight {unknown}
Comestibles
 f - 5 rations
 j - 7 chunks of flesh


   Skills:
 - Level 2.1 Fighting
 - Level 4.4 Polearms
 + Level 6.1 Throwing
 - Level 4.0 Dodging


You had 5 spell levels left.
You didn't know any spells.
Your spell library was empty.

Dungeon Overview and Level Annotations

Branches:
Dungeon (4/15)
 Temple: D:4-7

Altars:


Message History

The worker ant bites you but does no damage.
It was a potion of degeneration.
There was something very wrong with that liquid.
You feel weakened.
You feel dopey.
You feel clumsy.
The worker ant bites you but does no damage.
It was a potion of berserk rage.
A red film seems to cover your vision as you go berserk!
You feel yourself moving faster!
You feel mighty!
You feel sick. The worker ant barely misses you.
You puncture the worker ant!
You kill the worker ant!
Your Throwing skill increases to level 6!
You have reached level 6!
Your experience leads to an increase in your attributes!
Your base attributes are Str 15, Int 7, Dex 16.
Increase (S)trength, (I)ntelligence, or (D)exterity?
You feel agile.
The centaur shoots an arrow.
The arrow barely misses you.
The centaur unwields a +0 shortbow.
The centaur hits you.
You die...

##.. .#.# ... .#.#
##... .#.## #....
##....# ##....#
##.....#
.....[.##......#
....>..#.....#.#.#
......c@.........#
##...###(.(..#.###
#. ##..(## ##.## #
#.# .# ##รท###.#
##......#
##.....#.#
#........#


You could see a centaur.

Vanquished Creatures
  An orc wizard (D:4)
  2 worker ants
  3 adders (D:2)
  6 worms
  2 dart slugs
  3 leopard geckos
  13 orcs
  5 bats
  A giant cockroach (D:3)
  5 goblins
  7 hobgoblins
  4 jackals (D:1)
  7 kobolds
  A frilled lizard (D:3)
  16 rats
76 creatures vanquished.

Vanquished Creatures (others)
  An orc wizard (D:3)
1 creature vanquished.

Grand Total: 77 creatures vanquished

Notes
Turn   | Place    | Note
-------+----------+-------------------------------------------
     0 | D:1      | HungryMoth the Merfolk Gladiator began the quest for the
                  | Orb.
     0 | D:1      | Reached XP level 1. HP: 16/16 MP: 1/1
   312 | D:1      | Reached XP level 2. HP: 16/22 MP: 2/2
   357 | D:1      | Reached skill level 3 in Throwing
   708 | D:1      | Reached XP level 3. HP: 27/27 MP: 3/3
  1129 | D:2      | Reached skill level 4 in Throwing
  1252 | D:2      | Reached XP level 4. HP: 33/33 MP: 4/4
  1899 | D:3      | Reached skill level 5 in Throwing
  1907 | D:3      | Reached XP level 5. HP: 38/38 MP: 5/5
  3113 | D:4      | Noticed a centaur
  3139 | D:4      | Reached skill level 6 in Throwing
  3139 | D:4      | Reached XP level 6. HP: 5/44 MP: 6/6
  3140 | D:4      | Slain by a centaur

Levels and vault maps discovered:
D:1:      minmay_arrival_up_and_down, layout_basic
D:2:      layout_basic
D:3:      layout_rooms, first_ration, serial_forest,
          infiniplex_forest_lined_room_, infiniplex_forest_clump_large,
          infiniplex_forest_pool, infiniplex_forest_clump_small,
          infiniplex_forest_lined_room_3, infiniplex_forest_lined_corner,
          infiniplex_forest_lined_3
D:4:      layout_loops_ring, minmay_temple_entry_trees, gup_sewer_entry_bowl

Skill      XL: |  1  2  3  4  5 |
---------------+----------------+-----
Throwing       | 3 4 5 6 |  6.1
Fighting       | |  2.1
Polearms       | |  4.4
Dodging        | |  4.0

Action                   |  1- 3 |  4- 6 || total
-------------------------+-------+-------++-------
Melee: Trident           |    85 |   161 ||   246
Throw: Stone             |    30 |   108 ||   138
       Throwing net      |     1 |       ||     1
       Boomerang         |       |    12 ||    12
  Use: Potion            |       |     4 ||     4
       Scroll            |       |     1 ||     1
 Stab: Sleeping          |     2 |       ||     2
  Eat: Chunk             |     1 |     6 ||     7
Armor: Leather armour    |    16 |    50 ||    66
Dodge: Dodged            |    56 |    94 ||   150

Table legend:
 A = Non-vault XP
 B = Vault XP
 C = Vault XP percentage of total XP
 D = Non-vault monster count
 E = Vault monster count
 F = Vault count percentage of total count
                 A         B        C        D         E       F
            +---------+---------+-------+---------+---------+-------
      Total |     334 |       0 |   0.0 |      77 |       0 |   0.0
            +---------+---------+-------+---------+---------+-------
        D:1 |      38 |       0 |   0.0 |      22 |       0 |   0.0
        D:2 |      78 |       0 |   0.0 |      19 |       0 |   0.0
        D:3 |     134 |       0 |   0.0 |      29 |       0 |   0.0
        D:4 |      84 |       0 |   0.0 |       7 |       0 |   0.0
            +---------+---------+-------+---------+---------+-------
